 Dungeon Crawl Stone Soup version 0.30.1-9-gdf580d7c3d (webtiles) character file.

Game seed: 8126634404126323607

47 Zalbag the Magician (level 3, -1/25 HPs)
             Began as a Djinni Fire Elementalist on Oct 25, 2023.
             Slain by a cerulean imp
             ... wielding a +1 spear
             ... summoned by Natasha
              (2 damage)
             ... on level 2 of the Dungeon.
             The game lasted 00:02:01 (433 turns).

Zalbag the Magician (Djinni Fire Elementalist)       Turns: 433, Time: 00:02:02

Health: -1/25      AC:  2    Str:  7    XL:     3   Next: 97%
Gold:   3          EV: 12    Int: 18    God:
                   SH:  0    Dex: 13

rFire   + + +        e - +0 dagger
rCold   . . .        (no shield)
rNeg    . . .        a - +0 robe
rPois   ∞            (no helmet)
rElec   +            (no cloak)
rCorr   +            (no gloves)
SInv    .            (boots unavailable)
Will    .....        (no amulet)
Stlth   ++           (no ring)
HPRegen 0.24/turn    (no ring)
MPRegen 0.00/turn

%: infuse magic (-2 HP)
@: resistant, flying, slowed, very slow
A: sickness immunity, fire resistance 2, cold vulnerability 1, float, innate
caster, HP casting, extra vitality 1
a: no special abilities


You were on level 2 of the Dungeon.
You visited 1 branch of the dungeon, and saw 2 of its levels.

You collected 3 gold pieces.

Inventory:

Hand Weapons
 e - a +0 dagger (weapon)
Missiles
 f - 11 stones (quivered)
Armour
 a - a +0 robe (worn)
Scrolls
 b - 3 scrolls of amnesia {unknown}
 g - a scroll of vulnerability {unknown}
 i - a scroll of torment {unknown}
 j - a scroll of enchant armour {unknown}
Potions
 c - a potion of cancellation {unknown}
 d - a potion of resistance
 h - a potion of flight {unknown}


   Skills:
 - Level 2.3 Dodging
 - Level 1.6 Stealth
 * Level 3.5 Spellcasting


You knew the following spells:

 Your Spells              Type           Power      Damage    Failure   Level
a - Foxfire               Conj/Fire      60%        2x1d7     3%          1
b - Scorch                Fire           30%        2d6       5%          2
c - Volatile Blastmotes   Fire/Tloc      30%        2d12      11%         3
d - Inner Flame           Hex/Fire       15%        N/A       11%         3
e - Flame Wave            Conj/Fire      15%        2d7       36%         4
f - Freeze                Ice            60%        1d7       3%          1
Your spell library was empty.

Dungeon Overview and Level Annotations

Branches:
Dungeon (2/15)

Altars:

Annotations:
D:2 Natasha, Sigmund


Innate Abilities, Weirdness & Mutations

You are immune to sickness and miasma.
You are immune to poison.
Your flesh is very heat resistant. (rF++)
You are vulnerable to cold. (rC-)
You float through the air rather than walking.
You learn spells naturally, not from books.
Your magical power is your life essence.
You have superior vitality. (+4 MHP)


Message History

A cloud of volatile blastmotes flares up around you!
Sigmund gestures at you while chanting. The magic dart hits you!
A goblin comes into view. It is wielding a +0 dagger.
Sigmund points at you and mumbles some strange words.
The puff of flame hits you. You resist.
The cloud of blastmotes explodes!
You hear an angry hiss.
Sigmund is nearby!
Casting: Volatile Blastmotes (quite dangerous; 11% risk of failure)
Confirm with . or Enter, or press ? or * to list all spells.
The spell is quite dangerous to miscast (11% risk of failure)!
Continue anyway? [Y]es or [N]o only, please.
The spell is quite dangerous to miscast (11% risk of failure)!
Continue anyway?
A cloud of volatile blastmotes flares up around you!
Sigmund giggles. "Time to reap what you sow."
Unknown command.
Sigmund gestures at you while chanting. The puff of flame hits you. You resist.
The cloud of blastmotes explodes!
Sigmund points at you and mumbles some strange words.
The magic dart hits you!
* * * LOW HITPOINT WARNING * * *
Natasha, Servant of Life and Death comes into view.
Natasha stares at you and mumbles some strange words.
You feel yourself slow down. Natasha closely misses you.
Natasha casts a spell at you. The magic dart hits you.
* * * LOW HITPOINT WARNING * * *
Casting: Volatile Blastmotes (quite dangerous; 11% risk of failure)
Confirm with . or Enter, or press ? or * to list all spells.
Flames lash Natasha.
Natasha is heavily wounded.
Natasha's fire resistance burns away.
* * * LOW HITPOINT WARNING * * *
Natasha casts a spell.
It was a potion of resistance.
You feel protected. Natasha barely misses you.
The cerulean imp hits you from afar with a +1 spear.
You die...

######################.# #....
#.....g.........@......###....
####.#####################@...##.
.).....# ##........##....
####.#.# ###..#########....
#.#.#########...## #.... #.#
.......5..##### ..... #.#
######..h####.# ##### #.#
........@....##### #.#
.######.##.......# #.#
#.##.#.###.# #.##.#.....#
#.##.#######.# ##.##...).....#
#.......#######.####
......................
###.......###.###.##..


You could see Natasha (combustible) and a cerulean imp (summoned).

Vanquished Creatures
  Jessica (D:2)
  An adder (D:2)
  2 goblins (D:2)
  2 hobgoblins
  2 kobolds
  A frilled lizard (D:2)
  6 rats
15 creatures vanquished.

Vanquished Creatures (others)
  10 foxfires
10 creatures vanquished.

Grand Total: 25 creatures vanquished

Notes
Turn   | Place    | Note
-------+----------+-------------------------------------------
     0 | D:1      | Zalbag the Djinni Fire Elementalist began the quest for the
                  | Orb.
     0 | D:1      | Zalbag set off with the following spells memorised:
                  | Foxfire, Scorch, Volatile Blastmotes, Inner Flame, Flame
                  | Wave.
     0 | D:1      | Reached XP level 1. HP: 15/15 MP: 0/0
    91 | D:1      | Reached XP level 2. HP: 18/21 MP: 0/0
   122 | D:2      | Noticed Jessica
   130 | D:2      | Killed Jessica
   131 | D:2      | Reached skill level 3 in Spellcasting
   131 | D:2      | Reached XP level 3. HP: 21/25 MP: 0/0
   131 | D:2      | Learned a level 1 spell: Freeze
   391 | D:2      | Noticed Sigmund
   426 | D:2      | Noticed Natasha
   433 | D:2      | Slain by a cerulean imp

Illustrated notes

Levels and vault maps discovered:
D:1:      dpeg_arrival_pits, layout_basic,
          dreamdust_ecumenical_altar_angels_and_demons, minmay_rat_gold_closets
D:2:      layout_basic, basic_altar, uniq_robin, uniq_sigmund, uniq_natasha,
          uniq_jessica

Skill      XL: |  1  2 |
---------------+-------+-----
Spellcasting   | 3 |  3.5
Dodging        | |  2.3
Stealth        | |  1.6

Action                     || total
---------------------------++-------
  Melee: Dagger            ||    16
   Cast: Foxfire           ||     5
         Scorch            ||     7
         Volatile Blastmot ||     2
    Use: Potion            ||     1
   Stab: Sleeping          ||     4
 Armour: Robe              ||     3
  Dodge: Dodged            ||     6
